 Dungeon Crawl Stone Soup version 0.28.0 (webtiles) character file.

Game seed: 4428202513893070215

7016 Morbidden the Charlatan (level 10, -6/121 HPs)
             Began as a Demigod Artificer on Feb 11, 2022.
             Mangled by a four-headed hydra (12 damage)
             ... on level 7 of the Dungeon.
             The game lasted 00:23:53 (12890 turns).

Morbidden the Charlatan (Demigod Artificer)        Turns: 12890, Time: 00:23:54

Health: -6/121     AC: 25    Str: 25      XL:     10   Next: 53%
Magic:  18/18      EV:  2    Int: 12 (13) God:
Gold:   323        SH:  0    Dex: 16 (18) Spells: 11/15 levels left

rFire   . . .      SeeInvis .   a - +8 war axe (flame)
rCold   + . .      Faith    .   (no shield)
rNeg    . . .      Spirit   .   (armour currently unavailable)
rPois   +          Reflect  .   (helmet currently unavailable)
rElec   .          Harm     .   (cloak currently unavailable)
rCorr   .          Rampage  .   (gloves currently unavailable)
Will    ++...      NoTele   +   (boots currently unavailable)
Stlth   +++.......              (no amulet)
HPRegen 0.30/turn               t - ring of willpower
MPRegen 0.16/turn               v - ring of the Good {rC+ Dex+4}

@: tree-form
A: stationary, stasis, torment immunity, boosted hp, high MP 1, forlorn, divine
attributes
a: no special abilities


You were on level 7 of the Dungeon.
You were a tree.
You visited 1 branch of the dungeon, and saw 9 of its levels.

You collected 365 gold pieces.
You spent 42 gold pieces at shops.

Inventory:

Hand Weapons
 a - a +8 war axe of flaming (weapon)
 o - a +4 whip of flaming
Missiles
 k - 23 poisoned darts
 K - 4 boomerangs
 M - 4 javelins
 N - 2 throwing nets
Armour
 i - a +1 cloak (melded)
 A - a +0 chain mail (melded)
Magical Staves
 p - a staff of conjuration
Jewellery
 t - a ring of willpower (left branch)
 v - the ring of the Good (right branch) {rC+ Dex+4}
   (You found it on level 4 of the Dungeon)

   [ring of protection from cold]

   Dex:       It affects your dexterity (+4).
   rC:        It protects you from cold.
 G - a ring of protection from fire
 J - a ring of flight
Wands
 c - a wand of flame (53) (quivered)
 f - a wand of charming (4)
 w - a wand of digging (9)
 z - a wand of polymorph (8)
Scrolls
 b - 2 scrolls of immolation
 m - 7 scrolls of identify
 u - a scroll of teleportation
 D - 2 scrolls of magic mapping
 F - a scroll of torment
 O - a scroll of vulnerability
Potions
 d - a potion of magic {unknown}
 g - 2 potions of brilliance
 h - a potion of degeneration
 j - a potion of flight
 l - 2 potions of curing
 s - a potion of attraction
 x - a potion of ambrosia {unknown}
 B - a potion of resistance {unknown}
 C - 2 potions of might
 H - a potion of lignification


   Skills:
 * Level 5.5 Fighting
 * Level 6.0(7.0) Axes
 + Level 5.4(6.7) Maces & Flails
 + Level 2.5 Throwing
 + Level 5.7 Armour
 * Level 5.6 Dodging
 + Level 4.0 Stealth
 * Level 3.0 Spellcasting
 * Level 0.2 Ice Magic
 * Level 6.4 Evocations


You had 11 spell levels left.
You knew the following spells:

 Your Spells              Type           Power      Damage    Failure   Level
a - Freeze                Ice            8%         1d3       22%         1
b - Frozen Ramparts       Ice            4%         1d2       56%         3

Your spell library contained the following spells:

 Spells                   Type           Power      Damage    Failure   Level
 Ozocubu's Armour         Ice            2%         N/A       56%         3
 Call Canine Familiar     Summ           1%         N/A       58%         3
 Ignite Poison            Fire/Tmut/Pois 1%         N/A       58%         3
 Mephitic Cloud           Conj/Pois/Air  1%         N/A       58%         3
 Portal Projectile        Hex/Tloc       2%         N/A       58%         3
 Hailstorm                Conj/Ice       2%         3d3       93%         4
 Leda's Liquefaction      Hex/Erth       0%         N/A       94%         4
 Freezing Cloud           Conj/Ice/Air   0%         6-21      100%        5
 Ozocubu's Refrigeration  Ice            1%         4d5       100%        7


Dungeon Overview and Level Annotations

Branches:
Dungeon (9/15)             Temple (0/1) D:5            Lair (0/6) D:8
    Orc: D:9-12

Shops:
D:8 *

Annotations:
D:9 Erolcha


Innate Abilities, Weirdness & Mutations

You are a tree.
Your roots penetrate the ground, keeping you stationary.
You cannot be teleported.
You are immune to unholy pain and torment.
Your maximum health is greatly increased.
Your equipment is partially melded.
You have an increased reservoir of magic. (+10% MP)
You shall have no god before yourself.
Your divine heritage dramatically boosts your attributes as you level up.


Message History

The six-headed hydra bites you.
Unknown command.
You chop one of the six-headed hydra's heads off!
The flame cauterises the wound!
You slash the five-headed hydra! You burn the five-headed hydra!
The five-headed hydra is moderately wounded.
The five-headed hydra misses you. The five-headed hydra bites you!
The five-headed hydra bites you. x2
* * * LOW HITPOINT WARNING * * *
The five-headed hydra closely misses you.
The five-headed hydra bites you but does no damage.
The five-headed hydra bites you.
* * * LOW HITPOINT WARNING * * *
The five-headed hydra bites you but does no damage.
The five-headed hydra bites you!
* * * LOW HITPOINT WARNING * * *
The five-headed hydra bites you.
* * * LOW HITPOINT WARNING * * *
Unknown command.
There is a stone staircase leading up here.
Okay, then.
It was a potion of lignification.
You turn into a tree.
Your +1 cloak melds into your body.
Your +0 chain mail melds into your body.
Your roots penetrate the ground.
The five-headed hydra bites you but does no damage.
The five-headed hydra bites you!
* * * LOW HITPOINT WARNING * * *
The five-headed hydra bites you but does no damage.
The five-headed hydra bites you.
* * * LOW HITPOINT WARNING * * *
The five-headed hydra bites you.
* * * LOW HITPOINT WARNING * * *
You lop one of the five-headed hydra's heads off!
The flame cauterises the wound!
You slash the four-headed hydra! You burn the four-headed hydra.
The four-headed hydra is lightly wounded.
The four-headed hydra bites you but does no damage.
The four-headed hydra bites you!
You die...

## #. ..# .# #.# #.# .#
#.########.###### .#
#.##............##### .#
#.##.#####.####.#.... .#######
#.##.# #.# #.#.### .......#
##.##.#####.####<.....
.#####.#####....D.....(....#..###
.# ##.#......##♣#####.###.#..# #
#####.......#.##.### #.###.#..###
......#)...........# #.##.....##.
#####.......#....#.###....#...##.
##.#...##...........#...#.##.
#.#######.###......##.##.##.
###.# #.# #########.##.... ##...#
#.# #.##.... #....# #.# #.......


You could see a four-headed hydra.

Vanquished Creatures
  Harold (D:8)
  Pikel (D:3)
  A manticore (D:8)
  Maurice (D:8)
  A centaur zombie (D:5)
  7 yaks
  4 water moccasins
  An orc warrior (D:8)
  A sky beast (D:8)
  2 ice beasts
  2 black bears
  A necrophage (D:4)
  3 ogres
  2 phantoms
  2 kobold brigands
  4 bullfrogs
  A gnoll sergeant (D:6)
  2 scorpions
  A wyvern skeleton (D:7)
  A water moccasin skeleton (D:4)
  A killer bee (D:7)
  A howler monkey (D:8)
  8 wights
  2 centaur skeletons
  3 orc priests
  A jelly (D:5)
  4 hounds
  2 iguanas
  4 orc wizards
  A killer bee zombie (D:7)
  2 hound skeletons (D:4)
  5 gnolls
  A howler monkey skeleton (D:7)
  4 adders
  4 shadow imps
  A white imp (D:6)
  5 ufetubi
  A worm (D:2)
  5 dart slugs
  19 orcs
  5 ball pythons
  2 bats (D:2)
  7 endoplasms
  3 giant cockroaches
  5 goblins
  7 hobgoblins
  3 quokkas
  2 frilled lizards (D:1)
  12 kobolds
  5 rats
164 creatures vanquished.

Vanquished Creatures (collateral kills)
  A yak (D:8)
  A water moccasin (D:8)
  A centaur (D:9)
  An ogre (D:6)
  A water moccasin zombie (D:5)
  A howler monkey (D:8)
  An iguana (D:5)
  4 gnolls (D:6)
  An adder (D:5)
  2 orcs (D:5)
14 creatures vanquished.

Vanquished Creatures (others)
  2 yaks (D:8)
  An acid dragon (D:8)
  2 wights (D:8)
  An ufetubus (D:6)
  A goblin (D:3)
  9 plants
16 creatures vanquished.

Grand Total: 194 creatures vanquished

Notes
Turn   | Place    | Note
-------+----------+-------------------------------------------
     0 | D:1      | Morbidden the Demigod Artificer began the quest for the
                  | Orb.
     0 | D:1      | Reached XP level 1. HP: 15/15 MP: 3/3
   222 | D:1      | Reached skill level 1 in Fighting
   222 | D:1      | Reached skill level 1 in Dodging
   586 | D:1      | Reached XP level 2. HP: 18/23 MP: 4/4
  1481 | D:2      | Reached skill level 1 in Stealth
  1646 | D:2      | Reached skill level 1 in Maces & Flails
  1906 | D:2      | Reached XP level 3. HP: 15/28 MP: 5/5
  2772 | D:3      | Reached skill level 1 in Axes
  3316 | D:3      | Noticed an ice beast
  3398 | D:3      | Killed an ice beast
  3399 | D:3      | Reached XP level 4. HP: 27/36 MP: 6/6
  4034 | D:4      | Noticed a phantom
  4047 | D:3      | Reached XP level 5. HP: 40/41 MP: 7/7
  4513 | D:4      | Reached XP level 6. HP: 38/48 MP: 8/8
  4669 | D:4      | Identified the ring of the Good {rC+ Dex+4}
  5126 | D:4      | Reached XP level 7. HP: 56/56 MP: 9/9
  5739 | D:5      | Entered Level 5 of the Dungeon
  5739 | D:5      | Noticed Pikel
  5781 | D:3      | Killed Pikel
  5782 | D:3      | Reached XP level 8. HP: 27/63 MP: 10/10
  6593 | D:5      | Reached skill level 1 in Throwing
  6834 | D:5      | Found a staircase to the Ecumenical Temple.
  7745 | D:6      | Reached skill level 5 in Evocations
  7745 | D:6      | Reached XP level 9. HP: 39/71 MP: 11/11
  8110 | D:6      | Reached skill level 1 in Spellcasting
  8133 | D:6      | HP: 2/72 [yak (13)]
  8560 | D:5      | Reached skill level 5 in Armour
  8791 | D:6      | Reached skill level 5 in Maces & Flails
  9925 | D:7      | Noticed a six-headed hydra
 10202 | D:8      | Reached skill level 5 in Axes
 10213 | D:8      | HP: 2/67 [yak (10)]
 10286 | D:8      | Noticed Harold
 10291 | D:8      | Reached skill level 5 in Fighting
 10297 | D:8      | Killed Harold
 10298 | D:8      | Reached XP level 10. HP: 25/81 MP: 16/16
 10320 | D:8      | Noticed a manticore
 10662 | D:8      | Killed a manticore
 10663 | D:8      | Reached skill level 5 in Dodging
 10823 | D:8      | Found Guudim's General Store.
 10852 | D:8      | Bought a scroll of magic mapping for 42 gold pieces
 10884 | D:8      | Noticed Maurice
 10908 | D:8      | Killed Maurice
 11146 | D:8      | Learned a level 1 spell: Freeze
 11150 | D:8      | Learned a level 3 spell: Frozen Ramparts
 11323 | D:8      | Found a staircase to the Lair.
 12482 | D:9      | Noticed a two-headed ogre
 12651 | D:9      | Noticed Erolcha
 12889 | D:7      | HP: 6/121 [five-headed hydra (5)]
 12890 | D:7      | Mangled by a four-headed hydra

Illustrated notes

Levels and vault maps discovered:
D:1:      zelgadis_glass_arrival_small, layout_loops_ring, columned_hall_lemuel,
          ebering_dispersal_statue_hall, serial_bayou_pond_e,
          chequers_serial_rivers_micro_e
D:2:      wander_river, layout_basic, shapermc_ecumenical_altar_flowoftime,
          grunt_ministairs_1
D:3:      cheibrodos_old_hovel, layout_loops_corners,
          mainiacjoe_overflow_alcove_1, kennysheep_slug_shrine,
          gammafunk_temple_overflow_pools, chequers_serial_rivers_room_b
D:4:      layout_rooms, mainiacjoe_overflow_brackets, overflow_temple_1_default
D:5:      layout_cave_pools, mainiacjoe_overflow_surrounded_room,
          nicolae_tso_swordbearing_angel, minmay_temple_entry_overgrown,
          uniq_pikel
D:6:      layout_loops_ring
D:7:      nzn_winding_woodlands_cross [nzn_winding_woodlands_5x15_cabin,
          nzn_winding_woodlands_5x15_crooked, nzn_winding_woodlands_5x15_eye,
          nzn_winding_woodlands_5x15_concentric,
          nzn_winding_woodlands_15x15_eel_pit], layout_loops_ring,
          grunt_gozag_statues, item_on_display_a, uniq_duvessa
D:8:      layout_loops_cross, nicolae_kikubaaqudgha_miasma_corner,
          lair_entry_dummy, serial_shops, shop, uniq_maurice, uniq_harold
D:9:      layout_irregular_city, david_orc_2, minmay_ruined_shrine, uniq_erolcha

Skill      XL: |  1  2  3  4  5  6  7  8  9 10 |
---------------+-------------------------------+-----
Fighting       | 1 2 3 4 5 |  5.5
Dodging        | 1 2 3 4 5 |  5.6
Evocations     | 3 4 5 6 |  6.4
Stealth        | 1 2 3 4 |  4.0
Maces & Flails | 1 2 3 4 5 |  5.4
Axes           | 1 2 3 4 5 6 |  6.0
Armour         | 2 3 4 5 |  5.7
Throwing       | 1 2 |  2.5
Spellcasting   | 2 3 |  3.0
Ice Magic      | |  0.2

Action                   |  1- 3 |  4- 6 |  7- 9 | 10-12 || total
-------------------------+-------+-------+-------+-------++-------
Melee: Club              |    56 |       |       |       ||    56
       War axe           |    31 |       |     2 |    61 ||    94
       Whip              |    25 |    86 |   321 |       ||   432
       Punch             |     1 |     1 |     6 |       ||     8
Throw: Dart              |       |     4 |    29 |    17 ||    50
       Boomerang         |       |       |    14 |     6 ||    20
Evoke: Piece from Xom's  |     6 |    15 |    10 |       ||    31
       Wand              |     5 |       |    14 |    12 ||    31
  Use: Potion            |       |     1 |     2 |     8 ||    11
       Scroll            |       |       |     2 |    11 ||    13
 Stab: Petrified         |     3 |     3 |     9 |       ||    15
       Paralysed         |     2 |     6 |       |       ||     8
       Invisible         |       |       |       |     2 ||     2
Armor: Leather armour    |    24 |       |       |       ||    24
       Scale mail        |    14 |    30 |     9 |       ||    53
       Ring mail         |     1 |       |       |       ||     1
       Chain mail        |       |       |   134 |    32 ||   166
       Skin              |       |       |       |     3 ||     3
Dodge: Dodged            |    66 |    42 |   161 |    45 ||   314
